[Event "*** Titled Tuesday Blitz"]
[Site "Chess.com"]
[Date "2021.04.20"]
[Round "4"]
[White "sergeikim"]
[Black "Twitch_ElhamBlitz05"]
[Result "0-1"]
[WhiteElo "2528"]
[BlackElo "2744"]
[TimeControl "180+1"]
[EndTime "10:38:59 PDT"]
[Termination "Twitch_ElhamBlitz05 won by resignation"]

1. d4 Nf6 2. c4 e6 3. Nc3 d5 4. Nf3 dxc4 5. e3 a6 6. a4 b6 7.
Bxc4 Bb7 8. O-O Nbd7 9. Qe2 Bb4 10.
Rd1 O-O 11. Bd2 Qe7 12. h3 e5 13. d5 e4 14. Nd4 Ne5 15. Nf5 Qd7 16. Ng3 Nxc4 17.
Qxc4 Bxc3 18. Bxc3 Nxd5 19. Nxe4 Qe6 20. Ng5 Qf5 21. e4 Qxg5 22. exd5 Rad8 23. Qxc7 Bxd5 24. Qg3 Qxg3 25. fxg3 Bb3 26. Rxd8 Rxd8 27. a5 b5 28.
Re1 Be6 29. Re2 h6 30. Rd2 Rc8 31. Rd6 Bc4 32. g4 Re8 33. Kf2 b4 34. Bxb4 Re2+ 35.
Kg3 Rxb2 36. Bc3 Rb3 37. Kf4 Rxc3 38. Rc6 Rc2 39. g3 Bd3 40. Rd6 Bb5 41. h4 Rc4+ 42.
Kf5 g6+ 43. Kf6 Rc6 44. Rxc6 Bxc6 45. g5 h5 46. Ke7 Kg7 47. Kd8 f6 48. Ke7 fxg5 49.
hxg5 Bb5 50. Ke6 Bd3 51. Ke7 Bc4 52. Ke8 Bg8 53. Ke7 Bf7 54. Kd7 Kf8 55. Kd8 Be6 56.
Kc7 Ke7 57. Kc6 Bc4 58. Kc5 Bb5 59. Kd5 Bd7 60. Ke5 Be6 61. Kd4 Kd6 62. Ke4 Kc5 63. Ke5 Bf5 0-1

[Event "*** Titled Tuesday Blitz"]
[Site "Chess.com"]
[Date "2021.04.20"]
[Round "4"]
[White "Chernobay_Artem"]
[Black "Rsnr"]
[Result "0-1"]
[WhiteElo "2622"]
[BlackElo "2786"]
[TimeControl "180+1"]
[EndTime "10:39:01 PDT"]
[Termination "Rsnr won by resignation"]

1. Nf3 d5 2. g3 c6 3. Bg2 Bf5 4. O-O e6 5. d3 h6 6. c4 dxc4 7.
dxc4 Qxd1 8. Rxd1 Bc2 9. Rf1 Nf6 10. Nc3 Nbd7 11. Bf4 Bb4 12. Rac1 Bg6 13. Ne5 Nxe5 14. Bxe5 O-O 15. Rfd1 Rfd8 16. Bf3 Be7 17. h4 Kf8 18. Kg2 Rxd1 19. Rxd1 Rd8 20. Rxd8+ Bxd8 21. Bb8 a6 22. g4 Nd7 23. Bg3 Bf6 24. Ne4 Bxe4 25. Bxe4 Bxb2 26. g5 hxg5 27. hxg5 g6 28. Kf3 Be5 29. Bh4 Ke7 30.
Bc2 Bd4 31. e3 Bc5 32. Ke4 b5 33. cxb5 axb5 34. f4 Nb6 35. Bb3 Nd5 36. Bf2 Kd6 37. Kf3 Nb4 38. Be1 Nd3 39. Bc3 Bb4 40. Bf6 c5 41.
Bd1 c4 42. a4 Kc6 43. axb5+ Kxb5 44. Be2 Nc1 45. Bd1 Bc5 46. e4 Nb3 47. f5 Nd2+ 48. Kf4 Kb4 49. fxe6 fxe6 50. Ke5 c3 51. Bc2 Nf3+ 52.
Kxe6 Be3 53. Kf7 Bxg5 54. Be5 Nxe5+ 55. Ke6 Bf4 56. Kf6 g5 57. Kf5 Kc4 0-1

[Event "*** Titled Tuesday Blitz"]
[Site "Chess.com"]
[Date "2021.04.20"]
[Round "4"]
[White "kekic76"]
[Black "MPGM"]
[Result "0-1"]
[WhiteElo "2335"]
[BlackElo "2522"]
[TimeControl "180+1"]
[EndTime "10:39:01 PDT"]
[Termination "MPGM won on time"]

1. e4 c6 2. d4 d5 3. Nc3 dxe4 4. Nxe4 Nf6 5. Nxf6+ exf6 6. Nf3 Bd6 7. h3 O-O 8. Be2 Re8 9. O-O Nd7 10. Re1 Nf8 11.
Nd2 Bc7 12. Nf1 Bf5 13. c4 Qd6 14. Be3 Rad8 15. Qd2 Ne6 16. Rad1 Nf4 17. Bxf4 Qxf4 18. Qxf4 Bxf4 19. Bg4 Bc2 20. Ra1 Rxe1 21. Rxe1 Kf8 22. d5 cxd5 23. cxd5 Rxd5 24. Bf3 Rd7 25. Ne3 Ba4 26.
Nd5 Be5 27. Nc3 Bc6 28. Bxc6 bxc6 29. Rd1 Ke7 30. Rxd7+ Kxd7 31. Na4 Kd6 32. Kf1 Kd5 33. b3 c5 34. Ke2 c4 35. f3 Bd4 36. Kd2 f5 37.
Ke2 h5 38. Kd2 h4 39. Ke2 cxb3 40. axb3 Ke5 41. Kd3 g6 42. b4 g5 43. Kc4 Bg1 44. Kd3 Kf4 45. Ke2 Kg3 46. Kf1 Bd4 47. Nc5 Bc3 48. b5 Bd4 49. Nb7 g4 50. fxg4 fxg4 51.
hxg4 Kxg4 52. Nd6 f5 53. Nc4 f4 54. Nd2 Be3 55. Nf3 h3 0-1

[Event "*** Titled Tuesday Blitz"]
[Site "Chess.com"]
[Date "2021.04.20"]
[Round "4"]
[White "Harald_Schmidt"]
[Black "LifeIsAllAboutChess23"]
[Result "1-0"]
[WhiteElo "2397"]
[BlackElo "2136"]
[TimeControl "180+1"]
[EndTime "10:39:01 PDT"]
[Termination "Harald_Schmidt won by resignation"]

1. e4 e5 2. Nf3 Nc6 3. Bc4 Nf6 4. d3 Be7 5. c3 O-O 6. a4 d5 7. exd5 Nxd5 8. a5 a6 9. h3 Be6 10. O-O f6 11. Qb3 Qd7 12. Nbd2 Rab8 13. Ne4 h6 14.
Re1 f5 15. Ng3 Bf6 16. Nh5 Rfd8 17. Nxf6+ gxf6 18. d4 e4 19. Nh4 Qh7 20. f3 Kf7 21.
Bd2 Nce7 22. Rf1 e3 23. Bxe3 Nxe3 24. Bxe6+ Kf8 25. Rfe1 f4 26. g4 Qd3 27. Ng2 Nxg2 28. Kxg2 Ng6 29. Bd5 Nh4+ 30. Kf2 Re8 31. Qd1 Qb5 32.
Qb3 Qd3 33. Rad1 Qg6 34. Qb4+ Kg7 35. Re7+ Kh8 36. Rde1 Rxe7 37. Qxe7 Qc2+ 38. Re2 Qg6 39. Be4 Qg7 40. Qxg7+ Kxg7 41. b4 c6 42. Rd2 Re8 43.
d5 Rd8 44. d6 Ng6 45. Bxg6 Kxg6 46. c4 Kf7 47. c5 Ke6 48. Re2+ Kd5 49. Re7 Kc4 50.
Rxb7 Re8 51. Rb6 Rd8 52. Rxc6 Kxb4 53. Rc7 Kxa5 54. d7 Kb5 55. c6 Kb6 56. Rc8 a5 57. Rxd8 Kxc6 58. Ra8 Kxd7 59. Rxa5 1-0

[Event "*** Titled Tuesday Blitz"]
[Site "Chess.com"]
[Date "2021.04.20"]
[Round "4"]
[White "ChessLover0108"]
[Black "Nayemhaque22"]
[Result "1-0"]
[WhiteElo "2715"]
[BlackElo "2457"]
[TimeControl "180+1"]
[EndTime "10:39:03 PDT"]
[Termination "ChessLover0108 won by resignation"]

1. Nf3 Nf6 2. d4 d5 3. c4 c6 4. Nc3 e6 5. Bg5 Nbd7 6. e3 Qa5 7. Nd2 Ne4 8. Ndxe4 dxe4 9. Bh4 Bb4 10. Qc2 e5 11. Be2 O-O 12. a3 exd4 13. exd4 f5 14. O-O Bxc3 15.
bxc3 Nb6 16. a4 Be6 17. Be7 Bxc4 18. Bxf8 Rxf8 19. Bxc4+ Nxc4 20. Qb3 Qa6 21. Rfb1 b6 22.
a5 b5 23. Qb4 Qc8 24. a6 f4 25. Kh1 Qf5 26. Qe7 e3 27. fxe3 Nxe3 28. Re1 Qd5 29. Re2 h6 30. Qxa7 f3 31. Rxe3 f2 32. Ree1 fxe1=Q+ 33. Rxe1 Rf2 34. Rg1 Kh7 35. Qb8 Ra2 36. a7 c5 37. dxc5 Qe4 38. h3 b4 39. cxb4 Ra3 40. Kh2 h5 41. b5 Ra2 42. c6 h4 43. a8=Q Re2 44. Kh1 Kg6 45. Qg8 Re3 46. Qae8+ Kh6 47. Qxe4 Rxe4 48. Qh8+ Kg5 49. Qc8 Re8 50. Qg4+ Kh6 51.
Qxh4+ Kg6 52. Rf1 Re4 53. Qg4+ Rxg4 54. hxg4 Kg5 55. c7 1-0

[Event "*** Titled Tuesday Blitz"]
[Site "Chess.com"]
[Date "2021.04.20"]
[Round "4"]
[White "azikom"]
[Black "CrushingKings"]
[Result "1/2-1/2"]
[WhiteElo "2650"]
[BlackElo "2496"]
[TimeControl "180+1"]
[EndTime "10:39:04 PDT"]
[Termination "Game drawn by repetition"]

1. d4 Nf6 2. c4 g6 3. Nc3 Bg7 4. e4 d6 5. f3 Nbd7 6. Nge2 e5 7. Be3 O-O 8. Qd2 Nh5 9. O-O-O a6 10. g4 Nf4 11. Nxf4 exf4 12. Bxf4 b5 13. Bh6 bxc4 14. Bxg7 Kxg7 15. h4 Nb6 16. h5 g5 17. h6+ Kg8 18. d5 f6 19. Qd4 Nd7 20. Bxc4 Rb8 21. Be2 Ne5 22. Rd2 Bd7 23. Kb1 a5 24. Rc1 Rb4 25. Qa7 Qb8 26. Qxb8 Rfxb8 27. a3 R4b7 28. Ka2 Kf7 29.
Rh1 Kg6 30. Rc2 Nf7 31. Ba6 Rb6 32. Bd3 Ne5 33. Be2 Nf7 34. Rhc1 Kxh6 35. Nd1 Ba4 36. Rd2 R6b7 37. Rc4 Bb3+ 38. Ka1 Bxc4 39. Bxc4 Ne5 40. Be2 Kg6 41. Ne3 h5 42. gxh5+ Kf7 43. h6 Rb3 44. Nf5 Nxf3 45. Bxf3 Rxf3 46. Rc2 Rb7 47. Rh2 Rb8 48.
Rc2 Rb7 49. Rh2 Rxf5 50. exf5 Kg8 51. h7+ Kh8 52. Rh6 Rb5 53. Rxf6 Rxd5 54. Rf7 c5 55. f6 Rf5 56. Kb1 g4 57. Kc2 g3 58.
Rg7 Rxf6 59. Rxg3 Kxh7 60. Kc3 d5 61. Rg5 Rf3+ 62. Kc2 Rf2+ 63. Kc1 Rf1+ 64. Kc2 Rf2+ 65. Kc1 Rf1+ 66. Kc2 Rf2+ 1/2-1/2

[Event "*** Titled Tuesday Blitz"]
[Site "Chess.com"]
[Date "2021.04.20"]
[Round "4"]
[White "Vuk2000"]
[Black "CM_rui"]
[Result "0-1"]
[WhiteElo "2723"]
[BlackElo "2478"]
[TimeControl "180+1"]
[EndTime "10:39:05 PDT"]
[Termination "CM_rui won by checkmate"]

1. d4 Nf6 2. Bg5 e6 3. e4 Be7 4. e5 Nd5 5. Bxe7 Nxe7 6. Nf3 d6 7.
exd6 cxd6 8. Bd3 b6 9. c3 Bb7 10. Nbd2 Ng6 11. O-O Nd7 12. Be4 Qc7 13. Qe2 Nf6 14.
Rfe1 Nxe4 15. Nxe4 O-O 16. Qe3 Rad8 17. h4 h6 18. h5 Ne7 19. Qf4 Kh7 20. Re3 Nd5 21. Qh4 Nxe3 22. fxe3 f5 23. Neg5+ hxg5 24. Nxg5+ Kg8 25.
Nxe6 Qc6 26. Qg5 Rd7 27. Nxf8 Kxf8 28. Rf1 Rf7 29. Rxf5 Rxf5 30. Qxf5+ Kg8 31. Qg5 Qe4 32. h6 g6 33. Kh2 Kh7 34. c4 d5 35. c5 bxc5 36. dxc5 d4 37. exd4 Bd5 38. b4 Bxa2 39. b5 Bd5 40. c6 Qxd4 41. c7 Qc5 42. c8=Q Qxc8 43. Qxd5 Qb8+ 44. g3 Kxh6 45. Kh3 Qc8+ 46. Kh4 Qc7 47. Qd2+ Kh7 48. Qg5 Qc4+ 49. Kh3 Qf1+ 50.
Kg4 Qe2+ 51. Kf4 Qd2+ 52. Kg4 Qd4+ 53. Qf4 Qd7+ 54. Kh4 Qxb5 55. Qf7+ Kh6 56. Qf8+ Kh7 57. Qe7+ Kh6 58. Qxa7 Qh5# 0-1

[Event "*** Titled Tuesday Blitz"]
[Site "Chess.com"]
[Date "2021.04.20"]
[Round "4"]
[White "Gerodot71"]
[Black "CSB7"]
[Result "1/2-1/2"]
[WhiteElo "2582"]
[BlackElo "2747"]
[TimeControl "180+1"]
[EndTime "10:39:06 PDT"]
[Termination "Game drawn - insufficient material"]

1. d4 d5 2. c4 c6 3. Nf3 Nf6 4. Nc3 e6 5. e3 Nbd7 6. Be2 Bd6 7.
O-O O-O 8. b3 b6 9. Bb2 Bb7 10.
Rc1 Qe7 11. Qc2 Rac8 12. Rfe1 c5 13. cxd5 Nxd5 14. Nxd5 Bxd5 15. Qb1 Nf6 16. Bd3 Bxf3 17. gxf3 h6 18. Bf1 Rfd8 19. f4 cxd4 20. Bxd4 e5 21. fxe5 Bxe5 22. Rxc8 Rxc8 23. Qf5 Re8 24. Bxe5 Qxe5 25.
Qxe5 Rxe5 26. Rc1 Rc5 27. Rxc5 bxc5 28. Bg2 Ne8 29. Kf1 Nd6 30. Ke2 Kf8 31. Kd3 Ke7 32. Bh3 g5 33. Kc3 Ne4+ 34. Kc4 Nxf2 35. Bg2 Ng4 36. Kxc5 Nxe3 37. Bb7 f5 38. b4 Kd7 39. a4 f4 40. a5 g4 41. Kd4 Nc2+ 42. Ke4 g3 43. hxg3 fxg3 44. Kf3 Nxb4 45. Kxg3 Nc6 46. a6 Kc7 47. Kg4 Kb6 48. Kh5 Nb4 49.
Kxh6 Nxa6 50. Bd5 Kc5 51. Bg8 Nc7 52. Kg5 Nd5 53. Bf7 a5 54. Kf5 a4 55. Ke4 Nb6 56. Kd3 Kb4 57. Kc2 a3 58. Kb1 Na4 59. Ka1 Nc3 60.
Bg8 a2 61. Bxa2 1/2-1/2

[Event "*** Titled Tuesday Blitz"]
[Site "Chess.com"]
[Date "2021.04.20"]
[Round "4"]
[White "JakubPulpan"]
[Black "Sibelephant"]
[Result "1/2-1/2"]
[WhiteElo "2749"]
[BlackElo "3094"]
[TimeControl "180+1"]
[EndTime "10:39:08 PDT"]
[Termination "Game drawn - insufficient material"]

1. Nf3 b6 2. b3 Bb7 3. Bb2 Nf6 4.
g3 g6 5. Bg2 Bg7 6. O-O O-O 7.
c4 c5 8. Nc3 d6 9. d4 cxd4 10.
Qxd4 Ne4 11. Qe3 Nd7 12. Rab1 Nxc3 13. Bxc3 Bxc3 14. Qxc3 Rc8 15. Qe3 Nf6 16. Rfd1 Rc5 17. a4 Qc7 18. Nd4 Bxg2 19. Kxg2 a6 20. Qf3 Rc8 21. Nc2 Rf5 22. Qd3 Qb7+ 23. f3 d5 24.
Ne3 dxc4 25. bxc4 Rfc5 26. Nd5 Nxd5 27. cxd5 b5 28. axb5 Rxb5 29. Ra1 a5 30. Ra2 Ra8 31. Ra4 Rb4 32. Rda1 Rxa4 33. Rxa4 Qb6 34. Qc3 Qb5 35. Qc4 Qxc4 36. Rxc4 a4 37. Rc2 a3 38. Ra2 f5 39. e4 fxe4 40. fxe4 Kf7 41. e5 Ra4 42. Kf3 g5 43. Ke3 Kg6 44. Kd3 Kf5 45. d6 exd6 46. exd6 Ke6 47. Kc3 Kxd6 48. Kb3 Ra7 49.
Rd2+ Ke5 50. Ka2 Ke4 51. Rf2 h5 52. Rf6 Ra5 53. h3 Ke3 54. Rf7 g4 55. hxg4 hxg4 56. Rf4 Rg5 57. Kxa3 Ke2 58. Kb3 Rd5 59. Rxg4 Kf3 60.
Rg8 Rd4 61. Kc3 Rg4 62. Rxg4 Kxg4 63. Kd4 Kxg3 1/2-1/2

[Event "*** Titled Tuesday Blitz"]
[Site "Chess.com"]
[Date "2021.04.20"]
[Round "4"]
[White "iulik86"]
[Black "kidagent"]
[Result "1-0"]
[WhiteElo "2596"]
[BlackElo "2346"]
[TimeControl "180+1"]
[EndTime "10:39:08 PDT"]
[Termination "iulik86 won on time"]

1. e4 c5 2. Nf3 d6 3. Bc4 e6 4. d4 cxd4 5. Nxd4 Nf6 6. Nc3 a6 7. Bb3 Nbd7 8. O-O b5 9. f4 Bb7 10. f5 e5 11. Nf3 Be7 12. Nd5 Nxe4 13. Be3 O-O 14. a4 Ndc5 15. axb5 axb5 16. Rxa8 Bxa8 17. Ba2 Nf6 18. Kh1 Nxd5 19. Bxd5 Bxd5 20. Qxd5 Qa8 21.
Qxa8 Rxa8 22. Bxc5 dxc5 23. Nxe5 Bf6 24. Nd7 Bxb2 25.
Nxc5 Rc8 26. Nd3 Rxc2 27. Rb1 Bf6 28. Rxb5 h5 29. g3 h4 30. gxh4 Bxh4 31. Rd5 Kh7 32. Ne5 Rc7 33. Kg2 Bf6 34. Ng4 Bc3 35. Kf3 Ra7 36. h4 Bb2 37. h5 g6 38. fxg6+ fxg6 39.
Rb5 gxh5 40. Rxh5+ Kg6 41. Rb5 Rf7+ 42. Kg3 Ra7 43. Rxb2 Ra3+ 44. Kf2 Kg5 45. Ne3 Kf4 46. Rb4+ Kg5 47. Rb5+ Kf4 48. Rb4+ Kg5 49. Kf3 Kf6 50. Rb5 Ke6 51. Rh5 Kf6 52. Kf4 Ra4+ 53. Kg3 Kg6 54. Rb5 Ra3 55. Kf4 Ra4+ 56. Kf3 Ra3 57. Rb6+ Kg5 58.
Rb4 Kg6 59. Rf4 Kg5 60. Re4 Kg6 61. Kf4 Ra1 62. Ng4 Rf1+ 63. Ke5 Kg5 64. Ne3 Rf8 65. Rg4+ Kh5 66. Rg1 Re8+ 67. Kf4 Rf8+ 68. Nf5 1-0

[Event "*** Titled Tuesday Blitz"]
[Site "Chess.com"]
[Date "2021.04.20"]
[Round "4"]
[White "elextranjero00"]
[Black "fastestmindalive"]
[Result "0-1"]
[WhiteElo "2578"]
[BlackElo "2770"]
[TimeControl "180+1"]
[EndTime "10:39:10 PDT"]
[Termination "fastestmindalive won by resignation"]

1. e4 c5 2. Nf3 Nc6 3. Bb5 g6 4. O-O Bg7 5. c3 Nf6 6. Re1 O-O 7. h3 a6 8. Bxc6 dxc6 9. d4 cxd4 10. cxd4 h6 11.
Nc3 Be6 12. Be3 Kh7 13. Qc2 Qa5 14. Rad1 Rfd8 15. a3 Rac8 16. Ne5 Nd7 17. Nd3 Nb6 18. Nc5 Rb8 19. Nxe6 fxe6 20. Qb3 Rd6 21. Bf4 e5 22. Bxe5 Bxe5 23. dxe5 Rxd1 24. Rxd1 Rf8 25. Qe6 Qc5 26. Rd2 Kg7 27. g3 Rf7 28. Kg2 Nc4 29. b4 Ne3+ 30. fxe3 Qxc3 31. Re2 Qd3 32. Rf2 Qxe4+ 33.
Kf1 Qd3+ 34. Kg2 Rxf2+ 35. Kxf2 Qd2+ 36. Kf1 Qd1+ 37. Kf2 Qd2+ 38. Kf1 Qd3+ 39. Kf2 Qd8 40. Ke2 h5 41. g4 hxg4 42. hxg4 a5 43. bxa5 Qf8 44.
g5 Qd8 45. Kf3 Qf8+ 46. Ke2 Qe8 47. Kf3 Qd8 48. Ke2 Qf8 49. Ke1 Qe8 50. Ke2 Qf7 51. Qxf7+ Kxf7 52. Kd3 Ke6 53. Ke4 Kd7 54. a4 Ke6 55.
Kd4 Kf5 56. Kc5 Kxg5 57. a6 bxa6 58. Kb6 Kf5 59. Kxa6 g5 60. Kb6 g4 61. a5 g3 62. a6 g2 63. a7 g1=Q 64. a8=Q Qxe3+ 65. Kc7 Qxe5+ 66. Kd7 Qd6+ 67. Ke8 e5 68. Qc8+ Qe6+ 0-1

[Event "*** Titled Tuesday Blitz"]
[Site "Chess.com"]
[Date "2021.04.20"]
[Round "4"]
[White "Pertinhez76"]
[Black "Blitzking642"]
[Result "1-0"]
[WhiteElo "2063"]
[BlackElo "2454"]
[TimeControl "180+1"]
[EndTime "10:39:10 PDT"]
[Termination "Pertinhez76 won by resignation"]

1. d4 Nf6 2. Bf4 g6 3. Nc3 d5 4. Nf3 Bg7 5. Qd2 Ne4 6. Nxe4 dxe4 7. Ng5 Qxd4 8. Qxd4 Bxd4 9. c3 Bg7 10. Nxe4 c6 11.
e3 Nd7 12. O-O-O Nf6 13. Nc5 Nd5 14. Bg3 O-O 15. e4 Nf6 16. f3 b6 17. Nd3 Be6 18. Kb1 Rfd8 19. Be2 Bc4 20. Rhe1 Nh5 21. Bh4 Kf8 22.
Nf2 Rxd1+ 23. Bxd1 Rd8 24. Be2 Bxe2 25. Rxe2 Nf4 26. Rc2 Nxg2 27. Bg5 Ne1 28. Re2 Nxf3 29. Bf4 Ne5 30. Kc2 h6 31. a4 g5 32. Bg3 Rd7 33. b4 e6 34. a5 Ke7 35. a6 h5 36. h3 Nc4 37. Nd3 Na3+ 38. Kd2 Nc4+ 39. Kc2 Nd6 40. Bf2 Nb5 41. Be3 f6 42. Bc1 Kf7 43. Bb2 f5 44. Bc1 f4 45. e5 Nc7 46. h4 g4 47. Nxf4 Nd5 48. Nxh5 c5 49. Nxg7 Kxg7 50. bxc5 bxc5 51. Re4 Kg6 52. Rxg4+ Kh5 53. Rc4 Ne7 54. Rxc5 Ng6 55. Be3 Kxh4 56. Rb5 Kg4 57. Rb7 Rd5 58. Bxa7 Nxe5 59.
Bb8 Ra5 60. a7 Nc6 61. Rg7+ Kf5 62. Kb3 Ke4 63. Kc4 Ra4+ 64. Kb5 Ra1 65. Kxc6 Kd3 66. Kb7 Kxc3 67. a8=Q Rb1+ 68. Kc8 1-0

[Event "*** Titled Tuesday Blitz"]
[Site "Chess.com"]
[Date "2021.04.20"]
[Round "4"]
[White "Semen_Khanin"]
[Black "GM_LOADING"]
[Result "0-1"]
[WhiteElo "2747"]
[BlackElo "2543"]
[TimeControl "180+1"]
[EndTime "10:39:11 PDT"]
[Termination "GM_LOADING won by resignation"]

1. e4 e5 2. Nf3 Nc6 3. Bb5 g6 4. d4 exd4 5. Nxd4 Bg7 6. Nxc6 bxc6 7. Ba4 Nf6 8. Nc3 O-O 9. O-O Re8 10. Re1 Bb7 11.
Bg5 d6 12. Bb3 Qe7 13. Qf3 Qe5 14. h4 h6 15. Bf4 Qh5 16. Qg3 Qg4 17. Rad1 Qxg3 18.
Bxg3 Nd7 19. h5 g5 20. f3 Nf6 21. e5 Nxh5 22. Bh2 d5 23. Na4 Bf8 24. c4 Rad8 25. e6 Rxe6 26. Bxc7 Rd7 27. Rxe6 fxe6 28. Be5 Ba6 29.
Nc3 Nf4 30. Ba4 Bxc4 31. Bxc6 Rd8 32. b3 Ba6 33. Nb5 Bxb5 34. Bxb5 Bg7 35. Bxg7 Kxg7 36. Rc1 d4 37. g3 Nd5 38. Bd3 Nc3 39. a3 Kf6 40. b4 e5 41. Kf2 h5 42. Rh1 Rh8 43. Bc4 h4 44. Kg2 Kg7 45. gxh4 Rxh4 46. Rxh4 gxh4 47. Kh3 Kf6 48. Kxh4 Kf5 49. Kg3 Kg5 50. Bd3 Kf6 51. Kg4 Ke6 52. Bc4+ Kd6 53. Kf5 Nb1 54.
a4 Nc3 55. a5 Nd1 56. Be2 Nf2 57. f4 e4 58. Kg6 d3 59. Bf1 e3 60. f5 e2 61. Bxe2 dxe2 62. f6 e1=Q 63. f7 Qe6+ 64. Kg7 Qg4+ 65. Kh8 Ke7 0-1

[Event "*** Titled Tuesday Blitz"]
[Site "Chess.com"]
[Date "2021.04.20"]
[Round "4"]
[White "SanchezKelvin"]
[Black "gmpeter008"]
[Result "0-1"]
[WhiteElo "108"]
[BlackElo "2468"]
[TimeControl "180+1"]
[EndTime "10:39:11 PDT"]
[Termination "gmpeter008 won by resignation"]

1. d4 d5 2. c4 e6 3. Nf3 Nf6 4. Nc3 Be7 5. Bg5 O-O 6. e3 Nbd7 7. Qc2 dxc4 8. Bxc4 a6 9. Bd3 b5 10. Ne4 h6 11. Bxf6 Nxf6 12. O-O Bb7 13. Ne5 Nxe4 14. Bxe4 Bxe4 15. Qxe4 c5 16. dxc5 Bxc5 17.
Rfd1 Qe7 18. Rd7 Qf6 19. Rd2 Rfd8 20. Nd7 Qe7 21. Rad1 Rac8 22. Qb7 Kh7 23. h3 Rb8 24. Qe4+ f5 25. Qc6 Rbc8 26. Qxa6 Bb4 27. Rd3 Ra8 28. Qxb5 Rxa2 29. Ne5 Rxd3 30. Nxd3 Bd6 31. Qc4 Qa7 32. Qd4 Ra1 33. Qxd6 Rxd1+ 34. Kh2 Qf7 35. Ne5 Rxd6 36. Nxf7 Rb6 37. Nd8 Kg6 38. b4 Kf6 39. b5 Rxb5 40. Nc6 e5 41. f4 exf4 42. exf4 Rb3 43. g3 Rc3 44. Nd4 Rc4 45. Nf3 Rc2+ 46. Kg1 Ke7 47.
h4 Kd6 48. Nd4 Rc5 49. Kf2 Rd5 50. Ke3 Kc5 51. Ne6+ Kc4 52. Nxg7 Rd3+ 53. Kf2 Rd2+ 54. Ke3 Rd3+ 55. Kf2 Rd5 56. Ke3 Ra5 57. h5 Ra3+ 58.
Kf2 Ra2+ 59. Ke3 Ra5 60. Kf3 Rb5 61. g4 Rb3+ 62. Kg2 fxg4 63. Nf5 Kd5 64. Nxh6 Ke4 65.
Nxg4 Kxf4 66. Nf2 Rb2 67. h6 Ke3 68. h7 Rxf2+ 69. Kg3 Rf8 70. Kg4 Rh8 71. Kg5 Rxh7 0-1

[Event "*** Titled Tuesday Blitz"]
[Site "Chess.com"]
[Date "2021.04.20"]
[Round "4"]
[White "quizden37"]
[Black "Nozdrachev_Leonid"]
[Result "0-1"]
[WhiteElo "2794"]
[BlackElo "2557"]
[TimeControl "180+1"]
[EndTime "10:39:12 PDT"]
[Termination "Nozdrachev_Leonid won by resignation"]

1. e4 c6 2. d4 d5 3. Nd2 dxe4 4.
Nxe4 Bf5 5. Ng3 Bg6 6. h4 h6 7. Nf3 Nd7 8. h5 Bh7 9. Bd3 Bxd3 10. Qxd3 Ngf6 11. Bd2 e6 12. O-O-O Be7 13. Kb1 O-O 14.
Bc1 c5 15. Ne4 Nxe4 16. Qxe4 cxd4 17. Nxd4 Qb6 18. Nf5 exf5 19. Qxe7 Nf6 20. Rd6 Rfe8 21. Rxb6 Rxe7 22. Rb5 Re2 23. Rxf5 Ne4 24. Rd1 Rc8 25.
f3 Ng3 26. Rb5 Rexc2 27. Rxb7 Rxg2 28. Rxa7 Nxh5 29. a4 Nf6 30. a5 h5 31. Rb7 Ra8 32. b4 Rf2 33. Rd6 Rxf3 34. a6 h4 35. a7 Kh7 36. Ra6 h3 37. Ra2 Ne4 38. Rc2 Nd6 39. Rd7 Nb5 40. Rc5 Rxa7 41. Rxa7 Nxa7 42. b5 Rb3+ 43. Kc2 Rxb5 44. Rc3 Rh5 45. Bf4 Nb5 46. Rc8 f6 47. Bh2 Nd4+ 48. Kd3 Nf3 49. Bg3 h2 50. Bxh2 Nxh2 51. Ke3 Ng4+ 52. Kf4 Ne5 53. Ra8 Rg5 54. Ra7 Kg6 55. Ke4 Rf5 56. Rb7 Rg5 57. Kf4 Rh5 58. Ke4 Kh6 59. Kf4 Rh4+ 60. Kf5 Rh2 61. Rb8 Rf2+ 62. Ke4 Kg6 63. Ke3 Rf1 64. Ke2 Rf5 65. Ke3 Rg5 66. Kf4 Rg4+ 67. Ke3 Kf5 68. Rb5 g5 69. Kf2 Re4 70. Rb8 Rf4+ 71. Kg3 Rf3+ 72. Kg2 Ra3 0-1

[Event "*** Titled Tuesday Blitz"]
[Site "Chess.com"]
[Date "2021.04.20"]
[Round "4"]
[White "chesslh19"]
[Black "WiktoriaPOL"]
[Result "1-0"]
[WhiteElo "2233"]
[BlackElo "2038"]
[TimeControl "180+1"]
[EndTime "10:39:13 PDT"]
[Termination "chesslh19 won by resignation"]

1. e4 c5 2. Nf3 d6 3. d4 cxd4 4. Nxd4 Nf6 5. Nc3 a6 6. Be2 e5 7. Nb3 Be7 8. O-O O-O 9. Be3 Nbd7 10. a4 Qc7 11. a5 Nc5 12. Nxc5 dxc5 13. Bg5 h6 14. Bxf6 Bxf6 15. Nd5 Qc6 16. Bc4 Rd8 17. Qf3 Bd7 18. Rad1 Be8 19. h3 Rd6 20. Rd3 Rad8 21.
Rfd1 Kh7 22. b3 Bg5 23. g3 Bf6 24. Qf5+ Kg8 25. h4 Bd7 26. Qf3 Bc8 27. Qe3 Bg4 28.
R1d2 Kh7 29. Nxf6+ gxf6 30. Rxd6 Rxd6 31. Rd5 Be6 32.
Rxd6 Qxd6 33. Bxe6 fxe6 34. Qd3 Qc7 35. Qc4 Qc6 36. Kg2 Kg7 37. f3 Kf7 38. Qd3 Qc7 39. g4 Ke7 40. h5 Qxa5 41. Kh3 Qd8 42. Qe3 Qf8 43. Qxc5+ Kf7 44. Qc7+ Qe7 45. Qxe7+ Kxe7 46. Kg2 Kd6 47. Kf2 Kc5 48. Ke3 Kb4 49. Kd3 Ka3 50.
Ke3 Kb2 51. f4 Kxc2 52. fxe5 fxe5 53. g5 hxg5 54. h6 Kxb3 55. h7 a5 56. h8=Q a4 57. Qxe5 a3 58. Qb5+ Kc2 59. Qa4+ Kb2 60. Qb4+ Ka2 61.
Qxb7 g4 62. Kf4 e5+ 63. Kxe5 g3 64. Qg7 Kb2 65. Qxg3 a2 66. Qf2+ Kb1 67. Qxa2+ Kxa2 68. Kd4 Kb3 69. e5 Kb4 70. e6 1-0

[Event "*** Titled Tuesday Blitz"]
[Site "Chess.com"]
[Date "2021.04.20"]
[Round "4"]
[White "Sanyura"]
[Black "davigator"]
[Result "0-1"]
[WhiteElo "2601"]
[BlackElo "2433"]
[TimeControl "180+1"]
[EndTime "10:39:15 PDT"]
[Termination "davigator won by resignation"]

1. e4 c5 2. Nf3 Nc6 3. d4 cxd4 4. Nxd4 Nf6 5. Nc3 d6 6. Bg5 a6 7. Qd2 e6 8. O-O-O Bd7 9. f3 Qa5 10. Qe1 Qxg5+ 11. Kb1 Qc5 12. Nb3 Qb6 13. Qg3 Ne5 14. f4 Ng6 15. Qf3 Be7 16. g4 Bc6 17. g5 Nd7 18. h4 O-O-O 19. h5 Ngf8 20. Bh3 Kb8 21.
Rhe1 Nc5 22. Qe3 Nfd7 23. Rd2 Nxb3 24. axb3 Qxe3 25. Rxe3 Nc5 26. Re1 e5 27. b4 Na4 28.
Nd5 Bxd5 29. exd5 Rhe8 30. fxe5 Bxg5 31. Rg2 h6 32. e6 Nb6 33. Rd1 fxe6 34. dxe6 d5 35.
Rf2 Re7 36. b3 Kc7 37. Rd3 Bf6 38. Rfd2 Rd6 39. c4 Rdxe6 40. Bxe6 Rxe6 41. c5 Nd7 42. Rxd5 Re1+ 43. Kc2 Re7 44. Rd6 Ne5 45. R6d5 Nc6 46. Kb1 Nxb4 47. Rd6 Nc6 48. Rd1 Be5 49. R6d2 Bf6 50.
Rd5 Ne5 51. Kc2 Nd7 52. Kb1 Kc6 53. Rd6+ Kc7 54. R6d5 Nf8 55. Kc2 Ne6 56. Kb1 Nf4 57.
Rf5 Ne2 58. Kc2 Nd4+ 59. Rxd4 Bxd4 60. b4 a5 61. b5 Bf6 62. Kd3 Re5 63. Rf1 Rxc5 64.
Re1 Rxb5 65. Kc4 Rxh5 66. Re2 b5+ 67. Kb3 Kd6 68. Rd2+ Kc6 69. Rc2+ Kb6 70. Rf2 Rh3+ 71. Ka2 a4 72. Re2 Ka5 73. Re6 Rh2+ 74. Kb1 b4 75. Re1 b3 76. Rf1 a3 77. Rf5+ Kb6 78.
Rf1 a2+ 0-1

[Event "*** Titled Tuesday Blitz"]
[Site "Chess.com"]
[Date "2021.04.20"]
[Round "4"]
[White "Flopezin"]
[Black "OriTaichman"]
[Result "0-1"]
[WhiteElo "2337"]
[BlackElo "2547"]
[TimeControl "180+1"]
[EndTime "10:39:21 PDT"]
[Termination "OriTaichman won by resignation"]

1. c4 g6 2. e4 Bg7 3. d4 d6 4. Nc3 Nf6 5. Be2 O-O 6. Nf3 e5 7. d5 a5 8. Bg5 Na6 9. Nd2 Nc5 10.
Be3 Ne8 11. O-O f5 12. exf5 gxf5 13. f4 b6 14. Qc2 Nf6 15. Rae1 Ng4 16. Bxg4 fxg4 17.
Bxc5 bxc5 18. f5 g3 19. h3 Qh4 20. Rf3 Bh6 21. Nde4 Bf4 22. f6 Bf5 23. Ne2 Bxe4 24.
Qxe4 Rxf6 25. Ref1 Raf8 26. b3 Qg5 27. Kh1 Qg6 28.
Nc3 Kg7 29. Qxg6+ hxg6 30. Ne4 Rf5 31. Kg1 g5 32. Re1 Kg6 33. Kf1 Rh8 34. Ke2 Rh4 35.
Ref1 g4 36. hxg4 Rxg4 37. Rh1 Rh5 38. Rxh5 Kxh5 39. Rf1 Rh4 40. Kf3 Kg6 41. Nxg3 Bxg3 42. Kxg3 Rd4 43. Rf2 Rd3+ 44. Rf3 Rd2 45. Rf2 Rxf2 46.
Kxf2 Kf5 47. Kf3 Kg5 48. g4 Kh4 49. a4 Kg5 50. Kg3 Kg6 51. Kg2 Kf6 52. Kg3 Kg5 53.
Kf3 Kh4 54. Ke4 Kxg4 55. Ke3 Kf5 56. Kf3 e4+ 57. Ke3 Ke5 58. Ke2 Kd4 59. Kd2 e3+ 60.
Ke2 Kc3 61. Kxe3 Kxb3 62. Kd3 Kxa4 63. Kc3 Ka3 64. Kc2 Kb4 65. Kd3 Kb3 0-1